Unix NetHack Version 5.0.0-0 post-release - last build Jul 19 2026 19:10:59 (3aa4ab31751d3886436d94b585a96704892fd477,branch:main).

Game began 2026-07-29 07:41:09, ended 2026-07-29 09:44:01.

ChoHag, chaotic female human Ranger

                                                         |`
                                                         |.    .--
                                                         |.   ...-
                                                         |.----...
                                                         |.).|...
                                                         |......
                                                         |.|...
                                                         |.|..
                                                         |..
                                                         |d<
                                                         -@|
                                                        .o`|

ChoHag the Tenderfoot        St:13 Dx:12 Co:14 In:14 Wi:14 Ch:8  Chaotic S:7066
Dlvl:8  $:6646 HP:0(15) Pw:2(2) AC:-4 Xp:1/15 T:4394 

Latest messages:
 z - 5 corroded darts (8 in total).  B - a yellowish brown gem.
 What do you want to zap? [stF or ?*] ?
 A lit field surrounds you!
 What do you want to use or apply? [ckpstFQ or ?*] p
 You now wield a blessed broad pick.
 In what direction do you want to dig? [hnjb>] j
 You start digging.  You hit the rock with all your might.
 You make an opening in the wall.
 You stop.  Bobik is in the way!
 You swap places with Bobik.
 You swap places with Bobik.
 You start digging downward.  You dig a pit in the ground.
 You start digging downward.  You dig a hole through the ground.
 You fall through...
 What do you want to wield? [- abdpzAT or ?*] a
 a - a +1 dagger (weapon in right hand).
 Bobik bites the hill orc.  The hill orc wields a curved sword!
 It bites the hill orc.  The hill orc swings her curved sword at it.
 The hill orc misses it.
 #fuck this: unknown extended command.
 Restoring save file...
 Hello ChoHag, the human Ranger, welcome back to NetHack!
 You are lucky!  Full moon tonight.
 The hill orc swings her curved sword.
 The hill orc hits!
 The hill orc strikes at your displaced image and misses you!
 Bobik bites the hill orc.
 The hill orc is killed!
 Bobik eats a hill orc corpse.
 You pull on the leash.
 It growls!
 You pull on the leash.
 It yelps!
 What do you want to use or apply? [ckpstFQ or ?*] Q
 In what direction? u
 You remove the leash from your large dog called Bobik.
 You hear a monster behind the boulder.
 Perhaps that's why you cannot move it.
 You hear a monster behind the boulder.
 Perhaps that's why you cannot move it.
 With great effort you move the boulder.
 Akhogz of Grisogulog thrusts her crude dagger.
 Akhogz of Grisogulog misses!
 Are you waiting to get hit?  Use 'm' prefix to force a no-op (to rest).
 Akhogz of Grisogulog thrusts her crude dagger.
 Akhogz of Grisogulog hits!
 You die...

Inventory:
 Coins    ('$')
  $ - 6646 gold pieces
 Weapons  (')')
  a - a +1 dagger (weapon in right hand)
  b - a +1 bow (alternate weapon; not wielded)
  d - 14 +0 arrows
  p - a blessed +1 dwarvish mattock
  z - 8 corroded +0 darts
  A - a cursed +0 arrow
  T - 26 +2 arrows (in quiver)
 Armor    ('[')
  e - an uncursed +2 cloak of displacement (being worn)
  q - an uncursed +1 dwarvish mithril-coat (being worn)
  K - an uncursed +0 dwarvish iron helm (being worn)
  L - an uncursed +0 pair of iron shoes (being worn)
 Comestibles  ('%')
  f - an uncursed cram ration
  g - an uncursed egg
  n - 2 uncursed tripe rations
  P - 2 uncursed food rations
 Wands    ('/')
  s - a wand of speed monster (0:4)
  t - a wand of light (0:10)
  F - a wand of speed monster (0:4)
 Tools    ('(')
  c - an uncursed stethoscope
  k - an uncursed lock pick
  Q - an uncursed leash
 Gems/Stones  ('*')
  B - an uncursed topaz stone

ChoHag the Ranger's attributes:

Background:
 You were a Tenderfoot, a level 1 female human Ranger.
 You were chaotic, on a mission for Mars
 who was opposed by Mercury (lawful) and Venus (neutral).
 You were right-handed.
 You were in the Gnomish Mines, on level 8.
 You entered the dungeon 4394 turns ago.
 There was a full moon in effect when your adventure ended.
 You had 15 experience points, 5 more were needed to attain level 2.
 Your score was 7066 before end-of-game adjustments.

Basics:
 You had 0 out of 15 hit points.
 You had both energy points (spell power).
 Your armor class was -4.
 Your wallet contained 6646 zorkmids.
 Autopickup was on for '$!/?"+=' plus thrown.

Final Characteristics:
 Your strength was 13 (limit:18/100).
 Your dexterity was 12 (limit:18).
 Your constitution was 14 (limit:18).
 Your intelligence was 14 (limit:18).
 Your wisdom was 14 (limit:18).
 Your charisma was 8 (limit:18).

Final Status:
 You weren't hungry.
 You were unencumbered.
 You were wielding a dagger.
 You had basic skill with dagger.

Final Attributes:
 You were piously aligned.
 You had automatic searching.
 You were displaced.
 You were guarded.
 You were lucky.
 You are dead.

Miscellaneous:
 You didn't encounter any bones levels.
 Total elapsed playing time was 1 hour, 37 minutes and 40 seconds.

Major events:
 Turn
    1: ChoHag the chaotic female human Ranger entered the dungeon
 2306: entered the Gnomish Mines
 4366: reached Mine Town
 4394: killed by a hill orc called Akhogz of Grisogulog

You didn't know any spells.

Skills:
 Fighting Skills
   bare handed combat [Unskilled]
   riding             [Unskilled]
 Weapon Skills
   dagger             [Basic]
   knife              [Unskilled]
   axe                [Unskilled]
   pick-axe           [Unskilled]
   short sword        [Unskilled]
   morning star       [Unskilled]
   flail              [Unskilled]
   hammer             [Unskilled]
   quarterstaff       [Unskilled]
   polearms           [Unskilled]
   spear              [Unskilled]
   trident            [Unskilled]
   bow                [Basic]
   sling              [Unskilled]
   crossbow           [Unskilled]
   dart               [Unskilled]
   shuriken           [Unskilled]
   boomerang          [Unskilled]
   whip               [Unskilled]
 Spellcasting Skills
   healing spells     [Unskilled]
   divination spells  [Unskilled]
   escape spells      [Unskilled]

Voluntary challenges:
 Character rerolling was not enabled.
 You never genocided any monsters.
 You never polymorphed an object.
 You never changed form.
 You used no wishes.
Achievements:
 You entered a shop.
 You entered the Gnomish Mines.
 You entered Minetown.

 The Dungeons of Doom: levels 1 to 5
    Level 1:
       A fountain.
    Level 2: "unvault"
       A general store, a sink.
    Level 3: "stash, unvault"
       An altar.
    Level 4: "unvault"
       A fountain.
       Stairs down to The Gnomish Mines.
    Level 5:
 The Gnomish Mines: levels 5 to 8
    Level 5:
    Level 6:
    Level 7:
    Level 8: <- You were here.
       Final resting place for
          you, killed by a hill orc called Akhogz of Grisogulog.


Vanquished creatures:
  a pony
  4 gnome leaders
  a straw golem
  3 dwarves
  a hill orc
 an orc zombie
 an iguana
  2 acid blobs
  3 gas spores
  2 hobbits
  2 giant rats
  a brown mold
  a yellow mold
 21 gnomes
  4 garter snakes
  5 geckos
 10 jackals
  2 foxes
  2 kobolds
  3 goblins
  2 sewer rats
 13 grid bugs
  a bat
  6 lichens
  2 kobold zombies
 14 newts
108 creatures vanquished.

No species were genocided or became extinct.

Game over:
                       ----------
                      /          \
                     /    REST    \
                    /      IN      \
                   /     PEACE      \
                  /                  \
                  |      ChoHag      |
                  |     6646 Au      |
                  | killed by a hill |
                  |    orc called    |
                  |    Akhogz of     |
                  |    Grisogulog    |
                  |       2026       |
                 *|     *  *  *      | *
        _________)/\\_//(\/(/\)/\//\/|_)_______

Goodbye ChoHag the Ranger...

You died in The Gnomish Mines on dungeon level 8 with 6402 points,
and 6646 pieces of gold, after 4394 moves.
You were level 1 with a maximum of 15 hit points when you died.

